 Dungeon Crawl Stone Soup version 0.31-a0-239-g0a1456f148 (webtiles) character file.

Game seed: 7937352491447905729

27 qw the Shooter (level 3, 0/21 HPs)
             Began as a Gargoyle Hexslinger on July 11, 2023.
             Slain by a jackal (2 damage)
             ... on level 2 of the Dungeon.
             The game lasted 00:00:19 (593 turns).

qw the Shooter (Gargoyle Hexslinger)                 Turns: 593, Time: 00:00:20

Health: 0/21       AC:  5    Str: 11    XL:     3   Next: 10%
Magic:  4/4        EV: 12    Int: 13    God:
Gold:   76         SH:  0    Dex: 14    Spells: 3/4 levels left

rFire   . . .        Y - +1 sling
rCold   + . .        (no shield)
rNeg    + . .        d - +0 robe {rC+}
rPois   inf          (no helmet)
rElec   +            (no cloak)
rCorr   .            (no gloves)
SInv    .            (no boots)
Will    .....        (no amulet)
Stlth   +            (no ring)
HPRegen 0.23/turn    (no ring)
MPRegen 0.09/turn

%: no passive effects
@: weak-willed, slowed, very slow
A: sickness immunity, AC +3, negative energy resistance 1, electricity
resistance, torment resistance 1, petrification resistance
a: no special abilities


You were on level 2 of the Dungeon.
You visited 1 branch of the dungeon, and saw 2 of its levels.

You collected 76 gold pieces.


Innate Abilities, Weirdness & Mutations

You are immune to sickness and miasma.
Your stone body is resilient. (AC +3)
You are immune to poison.
You resist negative energy. (rN+)
You are resistant to electric shocks. (rElec)
You are resistant to unholy torment.
You are immune to petrification.


   Skills:
 - Level 2.0 Fighting
 + Level 3.1 Ranged Weapons
 - Level 1.5 Dodging
 - Level 1.0 Spellcasting
 - Level 2.6 Hexes


You had 3 spell levels left.
You knew the following spells:

 Your Spells              Type           Power      Damage    Failure   Level
a - Slow                  Hex            28%        N/A       10%         1

Your spell library contained the following spells:

 Spells                   Type           Power      Damage    Failure   Level
 Inner Flame              Hex/Fire       4%         N/A       43%         3
 Portal Projectile        Hex/Tloc       8%         N/A       43%         3
 Cause Fear               Hex            3%         N/A       67%         4

Inventory:

Hand Weapons
 Y - a +1 sling (weapon)
Armour
 d - a +0 robe of cold resistance (worn)
 m - a +0 leather armour
Potions
 g - a potion of enlightenment {unknown}
 h - a potion of resistance {unknown}
 i - a potion of mutation {unknown}
 k - a potion of lignification {unknown}

Dungeon Overview and Level Annotations

Branches:
Dungeon (2/15)

Altars:

Annotations:
D:2 Jessica


Message History

The jackal closely misses you. x2
Jessica mumbles some strange words.
Jessica seems to speed up.
The jackal closely misses you.
You shoot a sling bullet.
The sling bullet completely misses the jackal.
You hear a shout!
Jessica closely misses you. The jackal closely misses you.
The jackal bites you but does no damage.
Jessica hits you with a +0 dagger.
The jackal bites you but does no damage.
The jackal bites you.
A hobgoblin comes into view.
Jessica hits you but does no damage.
The jackal bites you but does no damage.
The jackal barely misses you.
You shoot a sling bullet. The sling bullet hits the jackal.
The jackal is severely wounded.
Jessica hits you but does no damage. The jackal bites you.
The jackal bites you but does no damage.
Jessica hits you with a +0 dagger.
The jackal bites you but does no damage.
The jackal misses you. Jessica hits you with a +0 dagger.
The jackal bites you but does no damage.
You shoot a sling bullet.
The sling bullet closely misses the jackal.
The jackal closely misses you. Jessica hits you but does no damage.
The jackal bites you. The hobgoblin closely misses you.
The jackal closely misses you. Jessica hits you but does no damage.
The jackal barely misses you. The hobgoblin barely misses you.
The jackal barely misses you. Jessica casts a spell at you.
Pain shoots through your body!
You shoot a sling bullet.
The sling bullet hits the jackal but does no damage.
The jackal is severely wounded.
The jackal bites you but does no damage.
Jessica hits you but does no damage.
A quokka comes into view.
The jackal bites you.
You die...

####..... ..
..#..#.## ...
......... #...
......... #...#
##...... ......
.....#
......##h@..#.##
.r.....g@h......
.......<....#.##
....#.###.......
.# # #......
...... .#....
#.... #..


You could see Jessica (fast), a quokka (wandering), 2 jackals and a hobgoblin.

Vanquished Creatures
  A dart slug (D:1)
  2 endoplasms
  3 giant cockroaches (D:1)
  2 hobgoblins (D:1)
  A jackal (D:2)
  2 quokkas (D:1)
  3 ball pythons (D:1)
  A frilled lizard (D:1)
  2 goblins (D:1)
  A kobold (D:1)
  6 rats (D:1)
24 creatures vanquished.

Notes
Turn   | Place    | Note
-------+----------+-------------------------------------------
     0 | D:1      | qw the Gargoyle Hexslinger began the quest for the Orb.
     0 | D:1      | Reached XP level 1. HP: 12/12 MP: 2/2
     0 | D:1      | 0 ||| qw: Version: 0.3-a-52-g30416fa
     0 | D:1      | 0 ||| qw: Game counter: 5886
     0 | D:1      | 0 ||| qw: Melee chars always use a shield: true
     0 | D:1      | 0 ||| qw: God list: Okawaru
     0 | D:1      | 0 ||| qw: Allow faded altars: false
     0 | D:1      | 0 ||| qw: Do Orc after clearing Dungeon:15 true
     0 | D:1      | 0 ||| qw: Do second Lair branch before Depths: true
     0 | D:1      | 0 ||| qw: Lair rune preference: random
     0 | D:1      | 0 ||| qw: Goals: Normal
     0 | D:1      | 0 ||| PLANNING D:1-11
   109 | D:1      | Reached XP level 2. HP: 16/16 MP: 3/3
   192 | D:1      | Reached skill level 3 in Ranged Weapons
   465 | D:1      | Reached XP level 3. HP: 20/21 MP: 4/4
   545 | D:1      | 545 ||| UPGRADING to +0 robe of cold resistance.
   555 | D:1      | 555 ||| DROPPING +0 robe.
   556 | D:1      | 556 ||| READING scroll labelled SOANYCSEHIPS.
   561 | D:1      | 561 ||| READING scroll labelled ILA PAESA.
   562 | D:1      | 562 ||| READING scroll labelled EPECHA PYCYA.
   563 | D:1      | 563 ||| READING scroll labelled GATOHO XUOREW.
   564 | D:1      | 564 ||| DROPPING scroll of poison.
   584 | D:2      | Noticed Jessica
   592 | D:2      | HP: 2/21 [Jessica/nerve-wracking pain (5)]
   593 | D:2      | Slain by a jackal

Levels and vault maps discovered:
D:1:      dpeg_arrival_ternary, layout_basic, serial_glass, glass_columns_a,
          glass_columns_a
D:2:      layout_basic, uniq_sigmund, uniq_jessica

Skill      XL: |  1  2  3 |
---------------+----------+-----
Ranged Weapons | 3 |  3.1
Fighting       | 2 |  2.0
Dodging        | |  1.5
Spellcasting   | |  1.0
Hexes          | |  2.6

Action                     || total
---------------------------++-------
   Fire: Sling             ||    76
    Use: Scroll            ||     4
 Armour: Robe              ||    21
  Dodge: Dodged            ||    35

Table legend:
 A = Non-vault XP
 B = Vault XP
 C = Vault XP percentage of total XP
 D = Non-vault monster count
 E = Vault monster count
 F = Vault count percentage of total count
                 A         B        C        D         E       F
            +---------+---------+-------+---------+---------+-------
      Total |      39 |       0 |   0.0 |      24 |       0 |   0.0
            +---------+---------+-------+---------+---------+-------
        D:1 |      35 |       0 |   0.0 |      22 |       0 |   0.0
        D:2 |       4 |       0 |   0.0 |       2 |       0 |   0.0
            +---------+---------+-------+---------+---------+-------
